 Dungeon Crawl Stone Soup version 0.17-a0-1760-ga6756ae (webtiles) character file.

170 Leibowitz the Cutter (level 5, 0/41 HPs)
             Began as a Demigod Gladiator on Sept 3, 2015.
             Succumbed to an adder's poison
             ... on level 3 of the Dungeon.
             The game lasted 00:08:11 (2174 turns).

Leibowitz the Cutter (Demigod Gladiator)            Turns: 2174, Time: 00:08:12

Health: 0/41       AC:  5    Str: 18    XL:     5   Next: 4%
Magic:  7/7        EV: 16    Int: 12    God:
Gold:   55         SH:  0    Dex: 18    Spells: 0 memorised, 4 levels left

rFire  . . .     SeeInvis .     a - +1 rapier
rCold  . . .     Clarity  .     f - +0 leather armour
rNeg   . . .     SustAt   +     (no shield)
rPois  .         Gourm    .     c - +0 helmet
rElec  .         Spirit   .     (no cloak)
rCorr  .         Warding  .     k - +0 pair of gloves
rMut   .         Stasis   .     (no boots)
MR     .....                    (no amulet)
Stlth  ++........               (no ring)
                                i - +3 ring of evasion

@: lethally poisoned (0 -> -3), not resistant to hostile enchantments,
unstealthy
A: high mp 1, sustain attributes
a: no special abilities


You were on level 3 of the Dungeon.
You were not hungry.

You visited 1 branch of the dungeon, and saw 3 of its levels.

You collected 55 gold pieces.

Inventory:

Hand weapons
 a - a +1 rapier (weapon)
Missiles
 d - 2 throwing nets (quivered)
Armour
 c - a +0 helmet (worn)
 f - a +0 leather armour (worn)
 k - a +0 pair of gloves (worn)
Jewellery
 i - a +3 ring of evasion (left hand)
Potions
 g - a potion of agility
Comestibles
 b - 3 chunks of flesh
 e - 3 bread rations
 h - a beef jerky
 j - a meat ration


   Skills:
 + Level 2.2 Fighting
 + Level 3.6 Short Blades
 + Level 2.0 Throwing
 + Level 1.8 Armour
 + Level 3.3 Dodging
 + Level 1.8 Stealth


You had 4 spell levels left.
You didn't know any spells.

Dungeon Overview and Level Annotations

Branches:
Dungeon (3/15)


Innate Abilities, Weirdness & Mutations

You have an increased reservoir of magic (+10% MP).
Your attributes are resistant to harm.


Message History

You have reached level 5!
* * * LOW HITPOINT WARNING * * *
You feel sick.
You climb downwards.
* * * LOW HITPOINT WARNING * * *
You feel sick. The orc closely misses you. The orc closely misses you.
There is a stone staircase leading up, spattered with blood here.
You hit the orc.
The orc is moderately wounded.
The orc closely misses you.
You barely miss the orc.
The orc is moderately wounded.
* * * LOW HITPOINT WARNING * * *
You feel sick. The orc completely misses you.
You closely miss the orc.
The orc is moderately wounded.
The orc barely misses you.
You closely miss the orc.
The orc is moderately wounded.
You die...

##.#### .......
....... ##.....
### #......##.#
.._....†..#
....#..#).# o..
#..#..### .o$
...o#..@.#
.......#.o#.#
####.#####.)..#
........#.†#.##
........#....#
........$....#
####...###.##
#......# #.#
.....#... .#


You could see an orc.

Vanquished Creatures
  An orc priest (D:3)
  Natasha (D:3)
  6 adders
  3 worms (D:2)
  An orc (D:3)
  A ball python (D:1)
  2 bats
  2 giant cockroaches (D:2)
  2 goblins
  8 hobgoblins
  9 kobolds
  A giant newt (D:1)
  4 jackals
  3 rats
44 creatures vanquished.

Vanquished Creatures (collateral kills)
  2 adders (D:2)
  A worm (D:2)
  2 jackals (D:2)
  A ball python (D:2)
  A giant newt (D:2)
  A goblin (D:2)
  A kobold (D:2)
9 creatures vanquished.

Grand Total: 53 creatures vanquished

Notes
Turn   | Place    | Note
--------------------------------------------------------------
     0 | D:1      | Leibowitz the Demigod Gladiator began the quest for the Orb.
     0 | D:1      | Reached XP level 1. HP: 17/17 MP: 3/3
   640 | D:1      | Reached XP level 2. HP: 9/24 MP: 4/4
   870 | D:1      | Reached skill level 3 in Short Blades
  1332 | D:2      | Reached skill level 1 in Stealth
  1332 | D:2      | Reached XP level 3. HP: 25/29 MP: 5/5
  1381 | D:2      | Reached skill level 1 in Armour
  1540 | D:2      | Found a sparkling altar of Nemelex Xobeh.
  1816 | D:2      | Reached XP level 4. HP: 29/36 MP: 6/6
  1875 | D:2      | Found a bloodstained altar of Trog.
  1935 | D:2      | Found a radiant altar of Vehumet.
  1935 | D:2      | Found a burning altar of Makhleb.
  2102 | D:3      | Noticed Natasha
  2110 | D:3      | Killed Natasha
  2144 | D:3      | Found a stormy altar of Qazlal.
  2168 | D:2      | Reached XP level 5. HP: 3/41 MP: 7/7
  2168 | D:2      | HP: 2/41 [poisoned by an adder]
  2174 | D:3      | Succumbed to an adder's poison

Vault maps used:
D:1:      shiori_arrival_maze
D:2:      gammafunk_temple_overflow_pools, nemelex_deck,
          trog_three_pillars_becter
D:3:      nicolae_overflow_crystal_walls, zin_statuary, first_bread,
          uniq_natasha

Action                   |  1- 3 |  4- 6 || total
-------------------------+-------+-------++-------
Melee: Rapier            |   123 |    51 ||   174
Throw: Throwing net      |     7 |     1 ||     8
Evoke: Deck              |     3 |     2 ||     5
  Use: Scroll            |     4 |     4 ||     8
       Potion            |     3 |       ||     3
 Stab: Sleeping          |     4 |       ||     4
       Distracted        |     1 |       ||     1
  Eat: Chunk             |     3 |     1 ||     4
